 Dungeon Sprint DCSS version 0.18.1-50-g88ac8fd (webtiles) character file.

100 RTS the Chopper (level 4, -6/47 HPs)
             Began as a Minotaur Berserker on Oct 5, 2016.
             Was a Priest of Trog.
             Mangled by Menkaure (22 damage)
             ... in the Dungeon (Sprint II: "The Violet Keep of Menkaure").
             The game lasted 00:02:16 (477 turns).

RTS the Chopper (Minotaur Berserker)                 Turns: 477, Time: 00:02:17

Health: -6/47      AC:  1    Str: 23      XL:     4   Next: 46%
Magic:  3/3        EV: 13    Int:  2 (4)  God:    Trog [***...]
Gold:   486        SH:  0    Dex:  9      Spells: 0 memorised, 3 levels left

rFire  . . .     SeeInvis .     a - +0 hand axe
rCold  . . .     Gourm    .     b - +0 animal skin
rNeg   . . .     Faith    .     (no shield)
rPois  .         Spirit   .     (helmet restricted)
rElec  .         Dismiss  .     (no cloak)
rCorr  .         Reflect  .     (no gloves)
SustAt .         Harm     .     (no boots)
MR     ++...     Rnd*Rage +     (no amulet)
Stlth  +......... NoTele   +    (no ring)
                                (no ring)

@: regenerating, very resistant to hostile enchantments, very unstealthy
A: retaliatory headbutt, horns 2, berserk 1, deformed body, screaming 1
a: Berserk, Trog's Hand, Burn Spellbooks, Renounce Religion


You were in the Dungeon.
You worshipped Trog.
Trog was most pleased with you.
You were not hungry.

You visited 1 branch You collected 486 gold pieces.

Inventory:

Hand Weapons
 a - a +0 hand axe (weapon)
Armour
 b - a +0 animal skin (worn)
Scrolls
 i - a scroll of blinking
Potions
 d - a potion of curing
 e - a potion of heal wounds
 f - a potion of haste
 g - 2 potions of magic
 h - a potion of berserk rage
Comestibles
 c - a bread ration
 j - 3 chunks of flesh


   Skills:
 + Level 7.3 Fighting
 * Level 7.7 Axes
 + Level 3.7 Armour
 + Level 4.2 Dodging
 - Level 0.3 Stealth


You had 3 spell levels left.
You didn't know any spells.

Dungeon Overview and Level Annotations

Branches:
Dungeon (1/1)

Altars:

Annotations:
D exclusion: Roxanne, Menkaure, Roxanne


Innate Abilities, Weirdness & Mutations

You reflexively headbutt those who attack you in melee.
You have a pair of horns on your head.
You tend to lose your temper in combat.
Armour fits poorly on your strangely shaped body.
You occasionally shout uncontrollably at your foes.


Message History

You miss the neqoxec.
The neqoxec is almost dead.
You hit the crimson imp.
The crimson imp is moderately wounded.
The neqoxec completely misses you.
The crimson imp blinks!
You hit the neqoxec.
The neqoxec is almost dead.
You completely miss Menkaure.
The neqoxec gestures.
You hit the neqoxec.
The neqoxec is almost dead.
You closely miss Menkaure. The neqoxec misses you.
Menkaure casts a spell.
Menkaure seems to speed up.
Your skin crawls.
You feel resistant to hostile enchantments.
You feel slightly more hungry. The white imp spits at you. Menkaure hits you!!
You die...

≈§≈.§§§##
§≈8§§§§≈#
≈§§§§§ ≈.≈≈
##≈≈#+++#+++##
#≈≈≈..M......#
#≈≈≈≈.##5##..#
#≈≈≈≈##M#.##
#≈≈≈ #@3#3.#
#≈≈ ###3### #
#≈ #3# 3# #
####5##5#
+##.'.<.'3#
#...##.##3.#
##.###+# .#
###


B#B # .. §. You could see 2 neqoxecs, Menkaure and a white imp.

Vanquished Creatures
  4 worker ants (D)
  2 worms (D)
6 creatures vanquished.

Vanquished Creatures (others)
  A crocodile (D)
1 creature vanquished.

Grand Total: 7 creatures vanquished

Notes
Turn   | Place    | Note
--------------------------------------------------------------
     0 | D        | RTS the Minotaur Berserker began the quest for the Orb.
     0 | D        | Reached XP level 1. HP: 19/19 MP: 0/0
     1 | D        | Noticed a worker ant
     1 | D        | Noticed a worker ant
    10 | D        | Killed a worker ant
    10 | D        | Reached skill level 5 in Fighting
    10 | D        | Reached skill level 5 in Axes
    10 | D        | Reached XP level 2. HP: 20/29 MP: 1/1
    13 | D        | Reached ** piety under Trog
    13 | D        | Reached XP level 3. HP: 23/37 MP: 2/2
    99 | D        | Killed a crocodile
   179 | D        | Reached XP level 4. HP: 37/45 MP: 3/3
   293 | D        | Reached *** piety under Trog
   445 | D        | Noticed a boulder beetle
   445 | D        | Noticed a boulder beetle
   448 | D        | Noticed a neqoxec
   448 | D        | Noticed a neqoxec
   448 | D        | Noticed a neqoxec
   448 | D        | Noticed a neqoxec
   451 | D        | Gained mutation: You occasionally shout uncontrollably at your foes. [a neqoxec]
   460 | D        | Gained mutation: You tend to lose your temper in combat. [a neqoxec]
   461 | D        | Noticed Roxanne
   463 | D        | Noticed Menkaure
   471 | D        | Gained mutation: Armour fits poorly on your strangely shaped body. [a neqoxec]
   477 | D        | Mangled by Menkaure

Skill      XL: |  1  2  3  4 |
---------------+-------------+-----
Fighting       | 5 6 7 |  7.3
Axes           | 5 6 7 |  7.7
Dodging        | 3 4 |  4.2
Armour         | 3 |  3.7
Stealth        | |  0.3

Action                   |  1- 3 |  4- 6 || total
-------------------------+-------+-------++-------
Melee: Hand axe          |    13 |    21 ||    34
       Headbutt          |     3 |     5 ||     8
Invok: Trog's Hand       |       |     1 ||     1
Armor: Animal skin       |     1 |     3 ||     4
Dodge: Dodged            |     9 |    11 ||    20
